 Dungeon Crawl Stone Soup version 0.31-a0-1338-gb567cfdca4 (console) character file.

Game seed: 10390382533372108042

4278 jejorda2 the Cleaver (level 10, -12/82 HPs)
             Began as a Gnoll Berserker on Dec 22, 2023.
             Was a Priest of Trog.
             Killed from afar by Erica (32 damage)
             ... with a bolt of poison
             ... on level 9 of the Dungeon.
             The game lasted 00:15:26 (8979 turns).

jejorda2 the Cleaver (Gnoll Berserker)              Turns: 8979, Time: 00:15:28

Health: -12/82     AC: 21    Str: 20    XL:     10   Next: 31%
Magic:  18/18      EV:  5    Int:  9    God:    Trog [***...]
Gold:   422        SH:  0    Dex: 13    Spells: 19/19 levels left

rFire   . . .        a - +0 battleaxe
rCold   . . .        (shield currently unavailable)
rNeg    + . .        k - +0 plate armour
rPois   .            s - +2 helmet {Int+3}
rElec   .            w - +0 cloak
rCorr   .            F - +1 pair of gloves
SInv    .            G - +0 pair of boots
Will    +....        (no amulet) Stlth
                     l - ring of willpower
HPRegen 0.33/turn    r - ring of positive energy
MPRegen 0.16/turn

%: no passive effects
@: lethally poisoned (-12 -> -25), on berserk cooldown, slowed, constricted,
very slow
A: fangs 1, strong nose, distributed training
a: Renounce Religion, Berserk, Trog's Hand


You were on level 9 of the Dungeon.
You worshipped Trog.
Trog was most pleased with you.
You visited 1 branch of the dungeon, and saw 9 of its levels.

You collected 422 gold pieces.

Inventory:

Hand Weapons
 a - a +0 battleaxe (weapon)
 b - a +1 morningstar of protection
Missiles
 e - 5 boomerangs
 m - 5 datura-tipped darts
 z - 12 poisoned darts
Armour
 k - a +0 plate armour (worn)
 s - a +2 helmet of intelligence (worn)
 w - a +0 cloak (worn)
 F - a +1 pair of gloves (worn)
 G - a +0 pair of boots (worn)
Jewellery
 l - a ring of willpower (left hand)
 r - a ring of positive energy (right hand)
 D - a ring of ice
Talismans
 g - a beast talisman
Wands
 o - a wand of digging (7)
 u - a wand of paralysis (16)
 I - a wand of flame (30)
Scrolls
 c - 5 scrolls of identify
 d - a scroll of silence
 f - 2 scrolls of fear
 h - 6 scrolls of teleportation
 i - a scroll of immolation
 n - 3 scrolls of enchant weapon
 p - a scroll of fog
 x - a scroll of brand weapon
Potions
 j - a potion of lignification
 q - a potion of heal wounds
 t - a potion of invisibility
 v - a potion of berserk rage
 A - 2 potions of attraction
 E - 2 potions of curing


   Skills:
 + Level 8.5 Fighting
 + Level 5.3 Short Blades
 + Level 5.3 Long Blades
 + Level 8.5 Axes
 + Level 5.3 Maces & Flails
 + Level 5.3 Polearms
 + Level 5.3 Staves
 + Level 5.3 Ranged Weapons
 + Level 5.3 Throwing
 + Level 7.1 Armour
 + Level 7.1 Dodging
 + Level 5.3 Stealth
 + Level 5.3 Shields
 + Level 5.3 Unarmed Combat
 + Level 5.3 Spellcasting
 + Level 4.4 Conjurations
 + Level 4.4 Hexes
 + Level 4.4 Summonings
 + Level 4.4 Necromancy
 + Level 4.4 Translocations
 + Level 4.4 Fire Magic
 + Level 4.4 Ice Magic
 + Level 4.4 Air Magic
 + Level 4.4 Earth Magic
 + Level 4.4 Alchemy
 + Level 5.9 Invocations
 + Level 5.3 Evocations
 + Level 4.9 Shapeshifting


You had 19 spell levels left.
You didn't know any spells.
Your spell library was empty.

Dungeon Overview and Level Annotations

Branches:
Dungeon (9/15)             Temple (0/1) D:4
   Lair: D:8-11         Orc: D:9-12

Altars:
Ashenzari
Dithmenos
Elyvilon
Fedhas
Hepliaklqana
Makhleb
Nemelex Xobeh
Trog
Uskayaw
Vehumet
Yredelemnul

Shops:
D:9 [*

Annotations:
D:9 Erica


Innate Abilities, Weirdness & Mutations

You have very sharp teeth.
Your uncanny sense of smell can sniff out nearby items.
Your experience applies equally to all skills.


Message History

Something burns you.
You are constricted.
You closely miss something.
You feel sick.
You are no longer poisoned.
You hear some strange, mumbled words.
A bolt of poison appears from out of thin air!
The bolt of poison misses you.
You are constricted.
You closely miss something. You miss something. Your bite misses something.
Something hits you but does no damage.
You are constricted.
You barely miss something.
You feel the effects of Trog's Hand fading.
Something hits you but does no damage.
You are constricted.
You miss something. Your bite misses something. Something hits you.
Something burns you.
You are constricted.
You closely miss something. Your bite misses something.
You barely miss something. Something hits you! Something burns you.
You are constricted.
You miss something. Your bite misses something.
You are no longer berserk.
You are exhausted.
You feel yourself slow down. Something hits you but does no damage.
You are constricted.
You miss something.
Your skin stops crawling.
You feel less strong-willed. Something hits you but does no damage.
You are constricted.
You hear some strange, mumbled words.
Something tries to affect you, but you resist.
You are constricted.
You slash something! Something hits you but does no damage.
You are constricted.
Something hits you!! Something burns you.
* * * LOW HITPOINT WARNING * * *
You are constricted.
* * * LOW HITPOINT WARNING * * *
You miss something. You bite something. Something hits you but does no damage.
You are constricted.
You hear some strange, mumbled words.
A bolt of poison appears from out of thin air!
The bolt of poison hits you!!
You are poisoned.
You die...

#...........#.##
#.....
#...........'.#
#...).
#...........###
#.....
#####.#######
###### ##..#####
#.. #.......#
##.# #.......#
#))# #.......+
###)## #...@...#
#..).. #...{...#
#..... #.......#
+..... #.......#
#...∩. #.......#
#..... #......!#
###### #########


There were no monsters in sight!

Vanquished Creatures
  An elephant (D:9)
  A komodo dragon (D:9)
  2 hornets (D:9)
  2 wyverns (D:8)
  Sigmund (D:6)
  A steam dragon (D:8)
  Menkaure (D:6)
  2 water moccasins (D:6)
  2 orc warriors
  A sky beast (D:6)
  A black bear (D:4)
  2 ogres
  A centaur (D:8)
  2 phantoms (D:5)
  Blork the orc (D:6)
  A kobold brigand (D:9)
  5 bullfrogs
  2 scorpions
  3 hounds
  2 jellies
  3 gnoll boudas
  5 orc priests
  A sleepcap (D:5)
  4 iguanas
  8 orc wizards
  13 gnolls
  6 adders
  A bombardier beetle (D:4)
  A white imp (D:8)
  2 ufetubi (D:6)
  2 worms (D:2)
  A dart slug (D:4)
  23 orcs
  5 endoplasms
  4 giant cockroaches
  10 hobgoblins
  4 jackals (D:2)
  10 quokkas
  7 ball pythons
  A bat (D:2)
  7 frilled lizards
  5 goblins
  14 kobolds
  5 rats
176 creatures vanquished.

Vanquished Creatures (others)
  A white imp (D:5)
1 creature vanquished.

Grand Total: 177 creatures vanquished

Notes
Turn   | Place    | Note
-------+----------+-------------------------------------------
     0 | D:1      | jejorda2 the Gnoll Berserker began the quest for the Orb.
     0 | D:1      | Reached XP level 1. HP: 23/23 MP: 1/1
   430 | D:1      | Reached XP level 2. HP: 29/29 MP: 2/2
  1139 | D:2      | Reached XP level 3. HP: 35/35 MP: 3/3
  1150 | D:2      | Found a faded altar of an unknown god.
  1194 | D:2      | Reached ** piety under Trog
  1204 | D:2      | Reached skill level 1 in Invocations
  1268 | D:2      | Reached skill level 1 in Short Blades
  1268 | D:2      | Reached skill level 1 in Long Blades
  1268 | D:2      | Reached skill level 1 in Maces & Flails
  1268 | D:2      | Reached skill level 1 in Polearms
  1268 | D:2      | Reached skill level 1 in Staves
  1268 | D:2      | Reached skill level 1 in Ranged Weapons
  1268 | D:2      | Reached skill level 1 in Throwing
  1268 | D:2      | Reached skill level 1 in Stealth
  1268 | D:2      | Reached skill level 1 in Shields
  1268 | D:2      | Reached skill level 1 in Unarmed Combat
  1268 | D:2      | Reached skill level 1 in Spellcasting
  1268 | D:2      | Reached skill level 1 in Evocations
  1608 | D:3      | Reached skill level 1 in Shapeshifting
  1608 | D:3      | Reached XP level 4. HP: 41/41 MP: 5/5
  1924 | D:3      | Reached skill level 1 in Conjurations
  1924 | D:3      | Reached skill level 1 in Hexes
  1924 | D:3      | Reached skill level 1 in Summonings
  1924 | D:3      | Reached skill level 1 in Necromancy
  1924 | D:3      | Reached skill level 1 in Translocations
  1924 | D:3      | Reached skill level 1 in Fire Magic
  1924 | D:3      | Reached skill level 1 in Ice Magic
  1924 | D:3      | Reached skill level 1 in Air Magic
  1924 | D:3      | Reached skill level 1 in Earth Magic
  1924 | D:3      | Reached skill level 1 in Alchemy
  2445 | D:4      | Noticed an ogre
  2453 | D:4      | Killed an ogre
  2454 | D:4      | Reached XP level 5. HP: 47/47 MP: 7/7
  2554 | D:4      | Reached XP level 6. HP: 47/53 MP: 8/8
  2643 | D:4      | Reached skill level 5 in Armour
  2643 | D:4      | Reached skill level 5 in Dodging
  2686 | D:4      | Found a staircase to the Ecumenical Temple.
  3245 | D:4      | Noticed a black bear
  3252 | D:4      | Killed a black bear
  3253 | D:4      | Reached XP level 7. HP: 60/60 MP: 10/10
  3651 | D:5      | Entered Level 5 of the Dungeon
  4226 | D:5      | Reached XP level 8. HP: 67/67 MP: 12/12
  4757 | D:6      | Noticed Sigmund
  4769 | D:6      | Killed Sigmund
  5066 | D:6      | Found a radiant altar of Vehumet.
  5066 | D:6      | Found a hazy altar of Hepliaklqana.
  5067 | D:6      | Found a burning altar of Makhleb.
  5067 | D:6      | Found a white marble altar of Elyvilon.
  5067 | D:6      | Found a shadowy altar of Dithmenos.
  5068 | D:6      | Found a broken altar of Ashenzari.
  5069 | D:6      | Found a blossoming altar of Fedhas.
  5069 | D:6      | Found a bloodstained altar of Trog.
  5120 | D:6      | Reached XP level 9. HP: 73/73 MP: 14/14
  5248 | D:6      | Noticed Blork the orc
  5257 | D:6      | Killed Blork the orc
  5386 | D:6      | Found a hide-covered altar of Uskayaw.
  5389 | D:6      | Found a sparkling altar of Nemelex Xobeh.
  5390 | D:6      | Found a basalt altar of Yredelemnul.
  5611 | D:6      | Noticed Menkaure
  5642 | D:6      | Killed Menkaure
  6065 | D:7      | Reached *** piety under Trog
  7303 | D:8      | Identified the +0 hat "Relonula" {SInv}
  7352 | D:8      | Reached skill level 5 in Invocations
  8210 | D:9      | Noticed a hornet
  8217 | D:9      | Killed a hornet
  8385 | D:9      | Found Ysesoir's General Store.
  8387 | D:9      | Noticed a hornet
  8404 | D:9      | Killed a hornet
  8405 | D:9      | Reached skill level 5 in Short Blades
  8405 | D:9      | Reached skill level 5 in Long Blades
  8405 | D:9      | Reached skill level 5 in Maces & Flails
  8405 | D:9      | Reached skill level 5 in Polearms
  8405 | D:9      | Reached skill level 5 in Staves
  8405 | D:9      | Reached skill level 5 in Ranged Weapons
  8405 | D:9      | Reached skill level 5 in Throwing
  8405 | D:9      | Reached skill level 5 in Stealth
  8405 | D:9      | Reached skill level 5 in Shields
  8405 | D:9      | Reached skill level 5 in Unarmed Combat
  8405 | D:9      | Reached skill level 5 in Spellcasting
  8405 | D:9      | Reached skill level 5 in Evocations
  8405 | D:9      | Reached XP level 10. HP: 75/81 MP: 17/17
  8591 | D:9      | Found Obbasmod's Armour Shop.
  8823 | D:9      | Noticed an elephant
  8846 | D:9      | Killed an elephant
  8955 | D:9      | Noticed Erica
  8979 | D:9      | Killed from afar by Erica

Illustrated notes

Levels and vault maps discovered:
D:1:      amcnicky_arrival_underground_garden, layout_basic
D:2:      layout_rooms, chequers_ecumenical_altar_simple
D:3:      layout_rooms, hex_intersection
D:4:      layout_layer_cave, minmay_temple_entry_proselytizer
D:5:      layout_basic, grunt_ministairs_2
D:6:      layout_cave_pods, nicolae_overflows_in_rows, uniq_sigmund,
          uniq_blork_the_orc, uniq_menkaure
D:7:      layout_loops_corners
D:8:      layout_cave_pods
D:9:      layout_roguey, grunt_lair_entry_orc_guard_hut,
          minmay_orc_entry_guard_dogs, serial_shops, nicolae_diamond_shop,
          nicolae_lakefront_shop, shop, shop, library_closet, roadster_trireme,
          uniq_erica

Skill      XL: |  1  2  3  4  5  6  7  8  9 10 |
---------------+-------------------------------+-----
Invocations    | 1 2 3 4 5 |  5.9
Short Blades   | 1 2 3 5 |  5.3
Long Blades    | 1 2 3 5 |  5.3
Maces & Flails | 1 2 3 5 |  5.3
Polearms       | 1 2 3 5 |  5.3
Staves         | 1 2 3 5 |  5.3
Ranged Weapons | 1 2 3 5 |  5.3
Throwing       | 1 2 3 5 |  5.3
Stealth        | 1 2 3 5 |  5.3
Shields        | 1 2 3 5 |  5.3
Unarmed Combat | 1 2 3 5 |  5.3
Spellcasting   | 1 2 3 5 |  5.3
Evocations     | 1 2 3 5 |  5.3
Shapeshifting  | 1 2 3 4 |  4.9
Conjurations   | 1 2 3 4 |  4.4
Hexes          | 1 2 3 4 |  4.4
Summonings     | 1 2 3 4 |  4.4
Necromancy     | 1 2 3 4 |  4.4
Translocations | 1 2 3 4 |  4.4
Fire Magic     | 1 2 3 4 |  4.4
Ice Magic      | 1 2 3 4 |  4.4
Air Magic      | 1 2 3 4 |  4.4
Earth Magic    | 1 2 3 4 |  4.4
Alchemy        | 1 2 3 4 |  4.4
Armour         | 5 6 7 |  7.1
Dodging        | 5 6 7 |  7.1
Fighting       | 7 8 |  8.5
Axes           | 7 8 |  8.5

Action                     |  1- 3 |  4- 6 |  7- 9 | 10-12 || total
---------------------------+-------+-------+-------+-------++-------
  Melee: Hand axe          |   149 |   149 |   361 |       ||   659
         Bite              |     8 |    15 |    48 |     7 ||    78
         Punch             |     1 |     2 |    10 |     4 ||    17
         War axe           |       |       |    24 |    60 ||    84
         Morningstar       |       |       |    24 |       ||    24
         Battleaxe         |       |       |       |    20 ||    20
 Invoke: Berserk           |     1 |     3 |    13 |     3 ||    20
         Trog's Hand       |       |       |     3 |     2 ||     5
    Use: Scroll            |       |       |    19 |     1 ||    20
   Stab: Sleeping          |     2 |       |       |       ||     2
 Armour: Animal skin       |    19 |       |       |       ||    19
         Scale mail        |    60 |    85 |   150 |       ||   295
         Chain mail        |       |       |   134 |       ||   134
         Plate armour      |       |       |    50 |    78 ||   128
  Dodge: Dodged            |    76 |    65 |   210 |    27 ||   378

Table legend: (Time is in decaauts)
 A = Elapsed time spent in this place.
 B = Non-inter-level travel time spent in this place.
 C = Inter-level travel time spent in this place.
 D = Time resting spent in this place.
 E = Time spent auto-exploring this place.
 F = Levels seen in this place.
 G = Mean time per level.
                   A        B        C        D        E       F      G
               +--------+--------+--------+--------+--------+-----+--------+
         Total |   9117 |   8812 |    305 |    992 |   6271 |   9 | 1013.0 |
       Dungeon |   9117 |   8812 |    305 |    992 |   6271 |   9 | 1013.0 |
               +--------+--------+--------+--------+--------+-----+--------+

Top non-repeatable levels by time:
     D:4: 1470 daAuts
     D:6: 1174 daAuts
     D:8: 1167 daAuts
     D:7: 1119 daAuts
     D:1: 1115 daAuts
     D:5: 1110 daAuts
     D:9: 870 daAuts
     D:3: 567 daAuts
     D:2: 520 daAuts
